 Dungeon Crawl Stone Soup version 0.26.1-11-gd32895ea62 (webtiles) character file.

Game seed: 2703891182081395630

1210 Zeld the Geomancer (level 8, -6/41 HPs)
             Began as a Gargoyle Earth Elementalist on June 7, 2021.
             Mangled by an ogre
             ... wielding a +0 giant spiked club
              (18 damage)
             ... on level 6 of the Dungeon.
             The game lasted 00:15:37 (9652 turns).

Zeld the Geomancer (Gargoyle Earth Elementalist)    Turns: 9652, Time: 00:15:38

Health: -6/41      AC: 11    Str: 12    XL:     8   Next: 45%
Magic:  12/14      EV: 13    Int: 18    God:
Gold:   131        SH:  0    Dex: 10    Spells: 5/15 levels left

rFire    . . .     SeeInvis .   (no weapon)
rCold    . . .     Faith    .   (no shield)
rNeg     + . .     Spirit   .   c - +0 robe
rPois    ∞         Reflect  .   y - +0 helmet
rElec    +         Harm     .   w - +0 cloak
rCorr    .         Rampage  .   q - +0 pair of gloves
Will     .....                  e - +0 pair of boots
Stlth    ++........             (no amulet)
HPRegen  0.13/turn              (no ring)
MPRegen  0.14/turn              (no ring)

@: no status effects
A: negative energy resistance 1, electricity resistance, unbreathing,
petrification resistance, miasma immunity, AC +5
a: no special abilities


You were on level 6 of the Dungeon.
You visited 1 branch of the dungeon, and saw 6 of its levels.

You collected 321 gold pieces.
You spent 190 gold pieces at shops.

Inventory:

Hand Weapons
 a - a +2 quarterstaff of chaos
Missiles
 D - 8 stones
Armour
 c - a +0 robe (worn)
 e - a +0 pair of boots (worn)
 q - a +0 pair of gloves (worn)
 w - a +0 cloak (worn)
 y - a +0 helmet (worn)
Jewellery
 d - an uncursed ring of poison resistance {unknown}
 E - a cursed amulet of inaccuracy {unknown}
Wands
 r - a wand of paralysis (10)
 z - a wand of flame (20)
 F - a wand of polymorph (6)
 G - a wand of iceblast (7)
Scrolls
 b - a scroll of fear {unknown}
 h - 2 scrolls of fog {unknown}
 j - a scroll of enchant weapon {unknown}
 k - 2 scrolls of random uselessness {unknown}
 l - 4 scrolls of teleportation {unknown}
 n - 2 scrolls of magic mapping {unknown}
 p - 3 scrolls of identify {unknown}
 v - 5 scrolls of remove curse {unknown}
 x - a scroll of amnesia {unknown}
 A - a scroll of blinking {unknown}
 B - a scroll of enchant armour {unknown}
Potions
 f - 2 potions of brilliance {unknown}
 g - a potion of heal wounds {unknown}
 i - a potion of attraction {unknown}
 m - 2 potions of flight {unknown}
 o - 2 potions of ambrosia {unknown}
 s - 2 potions of magic {unknown}
 t - a potion of might {unknown}
 u - a potion of invisibility
 C - a potion of curing


   Skills:
 * Level 4.4 Staves
 + Level 3.8 Dodging
 - Level 2.1 Stealth
 + Level 4.3 Spellcasting
 - Level 0.7 Transmutations
 * Level 8.2 Earth Magic


You had 5 spell levels left.
You knew the following spells:

 Your Spells              Type           Power        Failure   Level
a - Sandblast             Erth           66%          1%          1
b - Passwall              Tmut/Erth      16%          3%          2
c - Stone Arrow           Conj/Erth      36%          8%          3
d - Petrify               Tmut/Erth      20%          22%         4

Your spell library contained the following spells:

 Spells                   Type           Power        Failure   Level
 Lee's Rapid Deconstruct  Erth           16%          13%         5


Dungeon Overview and Level Annotations

Branches:
Dungeon (6/15)
 Temple: D:4-7

Altars:
Nemelex Xobeh
Xom

Shops:
D:4 :   D:6 }

Annotations:
D:6 1 runed translucent door, Zeld's ghost, novice OpBr


Innate Abilities, Weirdness & Mutations

You are resistant to torment.
Your stone body is resilient. (AC +5)
You are immune to poison.
You resist negative energy. (rN+)
You are resistant to electric shocks. (rElec)
You can survive without breathing.
You are immune to petrification.
You are immune to miasma.


Message History

r - Retreat! s - Stop attacking. g - Guard the area. f - Follow me.
Anything else - Cancel.
Okay, then.
What are your orders? t - Shout!
Orders for allies: a - Attack new target. r - Retreat! s - Stop attacking. g - Guard the area. f - Follow me.
Anything else - Cancel.
Okay, then.
The orc wizard mumbles some strange words.
The orc wizard blinks!
Casting: Sandblast (safe; 1% risk of failure)
Confirm with . or Enter, or press ? or * to list all spells.
Aiming: Passwall (safe; 3% risk of failure)
Press: ? - help, Dir - move target A rock wall.
The ogre hits you with a +0 giant spiked club!!
You die...

....##.#.♣#..o.............#####
...##########..o....o..........##
.... ... #..$......#z.........#
..... .....#.........o##.......##
...$#. #.........o###.##.#.....##
###.. ....#..#....# #.z..#......#
... ####.##.###......##....
...##$...#..##z...######...
#..#.....#@Oz.o..## .##
#..##.....#o......# ##
#.##.....##.###..##
#......o.#.§#∩'..##
#.#..#......###...#
#.#.####.##...#...#
#....###.##.......#
#....#.#.##......##
#...#.......#..###


You could see an ogre, 2 wights, an orc priest, an orc wizard (fast) and 2 orcs.

Vanquished Creatures
  Eustachio (D:3)
  A sky beast (D:4)
  A phantom (D:5)
  A centaur (D:5)
  An ogre (D:4)
  A bullfrog (D:6)
  A scorpion (D:4)
  2 jellies (D:5)
  2 hounds
  A bullfrog skeleton (D:6)
  Jessica (D:3)
  Crazy Yiuf (D:3)
  Ijyb (D:5)
  Terence (D:2)
  An orc wizard (D:2)
  4 worker ants
  A hound zombie (D:2)
  A hound skeleton (D:4)
  4 gnolls (D:6)
  6 adders
  A howler monkey skeleton (D:4)
  A white imp (D:5)
  An adder skeleton (D:4)
  2 worms
  A dart slug (D:4)
  2 leopard geckos
  9 orcs
  5 ball pythons
  6 bats
  4 giant cockroaches
  8 goblins
  4 hobgoblins
  An iguana (D:5)
  8 jackals
  4 frilled lizards
  5 kobolds
  8 rats
103 creatures vanquished.

Vanquished Creatures (others)
  2 fungi (D:3)
2 creatures vanquished.

Grand Total: 105 creatures vanquished

Notes
Turn   | Place    | Note
-------+----------+-------------------------------------------
     0 | D:1      | Zeld the Gargoyle Earth Elementalist began the quest for
                  | the Orb.
     0 | D:1      | Reached XP level 1. HP: 10/10 MP: 3/3
   748 | D:1      | Reached skill level 4 in Earth Magic
   748 | D:1      | Reached XP level 2. HP: 15/15 MP: 3/5
  1054 | D:1      | Found a sparkling altar of Nemelex Xobeh.
  1268 | D:1      | Learned a level 2 spell: Passwall
  1377 | D:2      | Reached XP level 3. HP: 17/19 MP: 1/6
  1381 | D:2      | Learned a level 3 spell: Stone Arrow
  2007 | D:2      | Reached XP level 4. HP: 24/24 MP: 5/7
  2148 | D:2      | Noticed Terence
  2193 | D:2      | Killed Terence
  2194 | D:2      | Reached skill level 5 in Earth Magic
  2389 | D:3      | Noticed Ijyb
  2519 | D:3      | Found a faded altar of an unknown god.
  3134 | D:3      | Noticed Jessica
  3159 | D:3      | Killed Jessica
  3160 | D:3      | Reached XP level 5. HP: 23/28 MP: 1/9
  3521 | D:4      | Noticed a sky beast
  4660 | D:3      | Found a runed translucent door.
  4661 | D:3      | Noticed Crazy Yiuf
  5495 | D:3      | Found a faded altar of an unknown god.
  5668 | D:3      | Killed Crazy Yiuf
  5669 | D:3      | Reached skill level 6 in Earth Magic
  6018 | D:4      | Reached XP level 6. HP: 32/32 MP: 10/10
  6028 | D:4      | Learned a level 4 spell: Petrify
  6106 | D:4      | Found Maxaiwuc's Book Boutique.
  6129 | D:4      | Reached skill level 1 in Staves
  6536 | D:4      | Killed a sky beast
  6588 | D:4      | Reached XP level 7. HP: 34/36 MP: 7/12
  6865 | D:4      | Noticed Eustachio
  7027 | D:3      | Killed Eustachio
  7028 | D:3      | Reached skill level 7 in Earth Magic
  7528 | D:5      | Entered Level 5 of the Dungeon
  8242 | D:5      | Reached XP level 8. HP: 41/41 MP: 7/14
  8846 | D:5      | Killed Ijyb
  8909 | D:5      | Found a shimmering altar of Xom.
  9428 | D:6      | Found a runed translucent door.
  9429 | D:6      | Noticed Zeld's ghost (novice OpBr)
  9442 | D:6      | Reached skill level 8 in Earth Magic
  9599 | D:6      | Found Utuucila's Gadget Emporium.
  9610 | D:6      | Bought a wand of polymorph (6) for 80 gold pieces
  9610 | D:6      | Bought a wand of iceblast (7) for 110 gold pieces
  9652 | D:6      | Mangled by an ogre

Illustrated notes

Levels and vault maps discovered:
D:1:      tarquinn_simple_flora_water_c, layout_basic,
          nemelex_diamond_rough_becter
D:2:      layout_loops_cross, uniq_terence
D:3:      layout_loops_ring, chequers_ecumenical_altar_simple, uniq_ijyb,
          uniq_crazy_yiuf_cottage, uniq_jessica
D:4:      layout_cave_pools, serial_shops, nicolae_shop_stone, uniq_eustachio
D:5:      layout_basic, dk_xom_monty_hall
D:6:      layout_cave_pools, general_overflow_altar,
          minmay_temple_entry_poolview, gup_sewer_entry_spiral, serial_shops,
          nicolae_shop_window_shopping, gammafunk_ghost_grave

Skill      XL: |  1  2  3  4  5  6  7  8 |
---------------+-------------------------+-----
Earth Magic    | 4 5 6 7 8 |  8.2
Dodging        | 2 3 |  3.8
Spellcasting   | 3 4 |  4.3
Staves         | 2 3 4 |  4.4
Stealth        | |  2.1
Transmutations | |  0.7

Action                   |  1- 3 |  4- 6 |  7- 9 || total
-------------------------+-------+-------+-------++-------
Melee: Unarmed           |    11 |   112 |   179 ||   302
       Quarterstaff      |       |     8 |     7 ||    15
 Cast: Sandblast         |    46 |    39 |    12 ||    97
       Stone Arrow       |       |    22 |    47 ||    69
       Passwall          |       |     1 |     2 ||     3
 Stab: Sleeping          |       |     2 |       ||     2
Armor: Robe              |    13 |    79 |   110 ||   202
Dodge: Dodged            |    21 |   106 |   177 ||   304
